 Dungeon Crawl Stone Soup version 0.21.1-1-g345015f (webtiles) character file.

387 doot the Chucker (level 6, -1/51 HPs)
             Began as a Hill Orc Hunter on June 7, 2018.
             Slain by an ogre
             ... wielding a +0 giant club
              (9 damage)
             ... on level 4 of the Dungeon.
             The game lasted 00:11:13 (4076 turns).

doot the Chucker (Hill Orc Hunter)                  Turns: 4076, Time: 00:11:15

Health: -1/51      AC:  9    Str: 16    XL:     6   Next: 78%
Magic:  6/6        EV: 11    Int: 12    God:
Gold:   360        SH:  0    Dex: 15    Spells: 5/5 levels left

rFire    . . .     SeeInvis .   D - +2 hand axe (freeze)
rCold    . . .     Gourm    .   (no shield)
rNeg     . . .     Faith    .   y - +0 ring mail
rPois    .         Spirit   .   n - +0 helmet
rElec    .         Reflect  .   (no cloak)
rCorr    .         Harm     .   h - +0 pair of gloves
MR       .....                  (no boots)
Stlth    ++........             (no amulet)
HPRegen  0.17/turn              (no ring)
MPRegen  0.10/turn              (no ring)

@: no status effects
A: icy blue scales 1, thin skeletal structure 1, agile 1
a: no special abilities


You were on level 4 of the Dungeon.
You were not hungry.

You visited 1 branch of the dungeon, and saw 4 of its levels.
You also visited: Ossuary.

You collected 360 gold pieces.

Inventory:

Hand Weapons
 a - a +0 short sword
 s - a +0 war axe
 D - a +2 hand axe of freezing (weapon)
Missiles
 c - 3 javelins (quivered)
 d - a throwing net
Armour
 b - a +0 leather armour
 h - a +0 pair of gloves (worn)
 n - a +0 helmet (worn)
 q - a +0 plate armour
 y - a +0 ring mail (worn)
Scrolls
 e - 2 scrolls of enchant armour {unknown}
 g - a scroll of magic mapping {unknown}
 i - 3 scrolls of remove curse
 k - a scroll of teleportation {unknown}
 p - 3 scrolls of identify
 t - 2 scrolls of blinking {unknown}
 u - a scroll of random uselessness {unknown}
Potions
 j - 4 potions of curing
 l - 2 potions of might
 m - 2 potions of flight
 o - 2 potions of brilliance
 r - a potion of magic {unknown}
 v - 2 potions of lignification
 w - a potion of mutation
 x - 3 potions of heal wounds
 z - a potion of cancellation {unknown}
 A - a potion of berserk rage {unknown}
 B - a potion of haste {unknown}
Comestibles
 f - 5 rations
 C - 4 chunks of flesh


   Skills:
 + Level 3.5 Fighting
 - Level 1.7 Short Blades
 * Level 4.7 Axes
 + Level 4.9 Throwing
 + Level 2.1 Armour
 + Level 2.0 Dodging
 + Level 1.0 Stealth


You had 5 spell levels left.
You didn't know any spells.

Dungeon Overview and Level Annotations

Branches:
Dungeon (4/15)
 Temple: D:4-7

Altars:
Cheibriados
Fedhas
Trog
The Shining One

Annotations:
D:3 1 exclusion


Innate Abilities, Weirdness & Mutations

You are partially covered in icy blue scales. (AC +2)
You have a somewhat thin skeletal structure. (Dex +2, Stealth)
You are agile. (Dex +2)


Message History

You see here a whip.
Throwing (i - inventory. (,) - cycle):
c - 4 javelins (quivered)
Press: ? - help, Shift-Dir - straight line, f - ogre
Aim: an ogre, wielding a giant club You throw a javelin.
The javelin hits the ogre!
The ogre is moderately wounded.
You hit the ogre. You freeze the ogre.
The ogre is moderately wounded.
The ogre closely misses you.
You hit the ogre. You freeze the ogre.
The ogre is severely wounded.
The ogre hits you with a giant club!!
You closely miss the ogre.
The ogre is severely wounded.
The ogre hits you with a giant club!!
* * * LOW HITPOINT WARNING * * *
You hit the ogre. You freeze the ogre.
The ogre is severely wounded.
The ogre hits you with a giant club!
You die...

.#.#..###### #...# #....
...........# #...# #....
.###..####.##########...#####....
.................)...............
.###.............####............
.###...##..)#.##.# #...........#
.....#.##...#.##(# #............
.###.#.##.....##O# #######....##
.# #.#.#.....###@# #....# ##
#.#.##.....##.# #....#
#...รท.........###### ######
####.#.##.............#
.....#.##..#..#.##...##
.....#>..................
..##########....##...#### ..##
###### ...# ...## ...#


You could see an ogre.

Vanquished Creatures
  A hound (D:4)
  An orc priest (D:3)
  Jessica (D:2)
  A big kobold zombie (Ossuary)
  8 mummies (Ossuary)
  Robin (D:2)
  A gnoll (D:1)
  5 adders
  A worm zombie (D:4)
  An adder skeleton (D:4)
  2 worms (D:4)
  5 dart slugs (D:1)
  3 leopard geckos
  5 orcs
  4 bats
  7 giant cockroaches
  3 gnoll zombies (Ossuary)
  9 goblins
  7 hobgoblins
  3 jackals (D:4)
  6 kobolds
  2 quokkas (D:3)
  A ball python (D:4)
  7 frilled lizards
  2 hobgoblin zombies (Ossuary)
  A jackal zombie (D:4)
  A kobold zombie (D:4)
  A leopard gecko skeleton (D:4)
  2 orc zombies (Ossuary)
  8 rats
100 creatures vanquished.

Notes
Turn   | Place    | Note
-------+----------+-------------------------------------------
     0 | D:1      | doot the Hill Orc Hunter began the quest for the Orb.
     0 | D:1      | Reached XP level 1. HP: 18/18 MP: 1/1
    58 | D:1      | Reached XP level 2. HP: 14/25 MP: 2/2
   452 | D:1      | Reached XP level 3. HP: 22/30 MP: 3/3
  1021 | D:2      | Found a blossoming altar of Fedhas.
  1111 | D:2      | Reached skill level 1 in Short Blades
  1243 | D:2      | Noticed Robin
  1266 | D:2      | Killed Robin
  1266 | D:2      | Reached XP level 4. HP: 20/37 MP: 4/4
  1563 | D:2      | Noticed Jessica
  1568 | D:2      | Killed Jessica
  1568 | D:2      | Reached skill level 1 in Armour
  1984 | D:3      | Found a bloodstained altar of Trog.
  2112 | D:3      | Reached skill level 1 in Stealth
  2122 | D:3      | Reached XP level 5. HP: 43/44 MP: 5/5
  2174 | D:3      | Noticed a two-headed ogre
  2376 | D:3      | Found a snail-covered altar of Cheibriados.
  2376 | D:3      | Found a glowing golden altar of the Shining One.
  2383 | D:3      | Reached skill level 1 in Axes
  2935 | D:4      | Found a sand-covered staircase.
  2957 | Ossuary  | Entered an ossuary
  3016 | Ossuary  | HP: 2/45 [mummy (12)]
  3044 | Ossuary  | Gained mutation: You are partially covered in icy blue scales. (AC +2) [potion of mutation]
  3044 | Ossuary  | Gained mutation: You are agile. (Dex +2) [potion of mutation]
  3044 | Ossuary  | Gained mutation: You have a somewhat thin skeletal structure. (Dex +2, Stealth) [potion of mutation]
  3056 | Ossuary  | Reached XP level 6. HP: 51/51 MP: 6/6
  4076 | D:4      | Slain by an ogre

Skill      XL: |  1  2  3  4  5  6 |
---------------+-------------------+-----
Throwing       | 4 |  4.9
Short Blades   | 1 |  1.7
Armour         | 1 2 |  2.1
Stealth        | 1 |  1.0
Fighting       | 3 |  3.5
Axes           | 3 4 |  4.7
Dodging        | 2 |  2.0

Action                   |  1- 3 |  4- 6 || total
-------------------------+-------+-------++-------
Melee: Short sword       |    78 |    27 ||   105
       War axe           |       |   168 ||   168
       Hand axe          |       |     4 ||     4
Throw: Javelin           |    40 |    24 ||    64
       Throwing net      |     2 |     1 ||     3
  Use: Potion            |       |     8 ||     8
       Scroll            |       |     3 ||     3
 Stab: Sleeping          |     1 |     1 ||     2
  Eat: Chunk             |     1 |     9 ||    10
Armor: Leather armour    |    21 |    44 ||    65
       Skin              |       |    17 ||    17
       Ring mail         |       |    12 ||    12
Dodge: Dodged            |    52 |   121 ||   173
